Map: Blackrock LE

Players

Halo - Winner!

  • Race: Zerg Zerg

A.I. 1 (Very Hard)

  • Race: Protoss Protoss

VOD

Have the link to the VOD?

Description

Time

  • Played on: Aug. 5, 2026, 3:27 p.m.
  • Length: 12:55
Show
View Real Time Build Order
Export as new Build Order

Halo Zerg - Winner!

Build Orders: Hatch First 

Get SALT Encoding   

  8  0:00  Drone  
  9  0:11  Drone  
  10  0:16  Drone  
  11  0:22  Drone  
  11  0:27  Extractor  
  11  0:30  Drone  
  13  0:39  Overlord  
  13  0:58  Drone x2  
  15  1:13  Hatchery  
  15  1:17  Drone  
  15  1:20  Drone  
  16  1:38  Spawning Pool  
  15  1:40  Extractor  
  15  1:42  Drone  
  15  1:46  Drone  
  16  1:49  Drone  
  16  1:52  Drone  
  18  2:02  Drone  
  19  2:12  Overlord  
  19  2:25  Zergling x2  
  19  2:26  Zergling x2  
  21  2:33  Queen  
  21  2:34  Queen  
  25  2:37  Drone  
  25  2:40  Drone  
  25  2:43  Drone  
  28  2:49  Metabolic Boost  
  28  2:58  Overlord  
  28  3:02  Drone  
  28  3:03  Drone  
  30  3:06  Drone  
  31  3:23  Hatchery  
  30  3:28  Overlord  
  30  3:31  Drone  
  31  3:34  Drone  
  31  3:36  Drone  
  31  3:38  Drone  
  34  3:41  Drone  
  34  3:43  Drone  
  36  4:00  Queen x2  
  36  4:02  Drone  
  41  4:04  Drone  
  41  4:09  Overlord  
  42  4:11  Drone  
  42  4:12  Drone  
  44  4:17  Overlord  
  44  4:24  Overlord  
  44  4:25  Drone x2  
  44  4:26  Drone  
  44  4:27  Drone  
  44  4:31  Extractor  
  47  4:34  Drone  
  47  4:35  Baneling Nest  
  47  4:36  Drone  
  47  4:37  Drone  
  49  4:47  Zergling x10  
  49  4:49  Zergling x2  
  49  4:51  Drone  
  56  5:02  Drone  
  56  5:03  Drone x5  
  62  5:21  Drone x5  
  65  5:23  Drone  
  65  5:27  Drone x2  
  70  5:29  Overlord x3  
  70  5:34  Zergling x6  
  73  5:38  Lair  
  73  5:40  Drone x2  
  73  5:41  Evolution Chamber x2  
  73  5:48  Overlord x3  
  73  6:00  Zergling x2  
  73  6:01  Zergling x18  
  83  6:08  Zerg Melee Weapons Level 1, Zerg Ground Armor Level 1  
  83  6:10  Zergling x4  
  85  6:22  Overlord x3  
  85  6:37  Centrifugal Hooks  
  85  6:38  Zergling x12  
  91  7:08  Zergling x30  
  99  7:09  Zergling x2  
  99  7:10  Baneling x7  
  99  7:11  Baneling x12  
  107  7:17  Hatchery  
  107  7:18  Drone x2  
  108  7:24  Zergling x6  
  111  7:31  Hatchery  
  111  7:35  Hatchery  
  109  7:40  Hatchery  
  108  7:48  Zergling x10  
  108  7:49  Zergling x14  
  85  8:06  Zergling x2  
  85  8:07  Zergling x22  
  84  8:13  Zergling x2  
  85  8:23  Zergling x2  
  85  8:24  Zergling x4  
  76  8:36  Zergling x16  
  84  8:43  Baneling x6  
  84  8:44  Baneling x11  
  84  8:48  Overlord  
  84  8:49  Queen  
  86  8:56  Overlord x3  
  86  8:59  Queen  
  86  9:01  Zergling x14  
  86  9:02  Zergling x18  
  104  9:12  Drone  
  104  9:13  Drone x12  
  116  9:25  Queen  
  101  9:43  Baneling x14  
  101  9:51  Zergling x14  
  101  9:52  Zergling x42  
  129  10:02  Zerg Melee Weapons Level 2, Zerg Ground Armor Level 2  
  129  10:03  Zergling x2  
  129  10:04  Zergling x16  
  124  10:38  Zergling x30  
  124  10:39  Zergling x30  
  132  11:23  Zergling x22  
  132  11:24  Zergling x40  
  161  11:30  Baneling  
  161  11:31  Baneling x18  
  159  11:39  Drone  
  157  11:41  Drone x6  
  157  11:42  Drone x2  
  153  12:25  Zergling x36  
  153  12:26  Zergling x36  
  153  12:29  Overlord x5  
Show
View Real Time Build Order
Export as new Build Order

A.I. 1 (Very Hard) Protoss 

Build Orders: Zealot Archon, Dark Templar Rush 

Get SALT Encoding   

  8  0:00  Probe  
  9  0:13  Probe  
  10  0:25  Probe  
  11  0:37  Probe  
  12  0:48  Pylon  
  12  0:49  Probe  
  13  1:02  Probe  
  13  1:10  Probe  
  13  1:11  Gateway  
  15  1:19  Assimilator  
  15  1:20  Probe  
  16  1:32  Probe  
  17  1:33  Pylon  
  17  1:44  Probe  
  18  1:56  Probe  
  19  2:01  Cybernetics Core  
  19  2:04  Probe  
  19  2:05  Zealot  
  22  2:12  Probe, Assimilator  
  22  2:22  Probe  
  24  2:32  Zealot  
  24  2:34  Warp Gate, Probe  
  27  2:42  Twilight Council  
  27  2:46  Probe  
  27  2:59  Probe  
  27  3:01  Pylon  
  28  3:11  Probe  
  29  3:19  Stalker, Gateway  
  31  3:28  Dark Shrine  
  31  3:30  Probe  
  32  3:42  Probe  
  32  3:43  Gateway  
  33  3:52  Pylon  
  33  3:53  Adept  
  33  3:54  Probe  
  36  4:06  Probe  
  39  4:17  Robotics Facility  
  39  4:26  Adept  
  39  4:30  Adept  
  41  4:35  Adept  
  43  4:48  Stalker  
  45  4:54  Pylon  
  45  5:05  Nexus  
  45  5:13  Dark Templar  
  46  5:19  Dark Templar  
  48  5:26  Archon, Pylon  
  48  5:32  Dark Templar  
  50  5:50  Dark Templar  
  52  5:57  Archon  
  52  6:07  Pylon  
  52  6:14  Dark Templar  
  52  6:17  Probe  
  52  6:18  Probe  
  56  6:29  Assimilator, Probe  
  56  6:30  Probe  
  56  6:31  Assimilator  
  58  6:38  Dark Templar  
  60  6:42  Probe  
  60  6:43  Probe  
  60  6:45  Archon  
  62  6:54  Probe  
  63  6:55  Probe  
  63  7:00  Dark Templar  
  66  7:05  Zealot  
  66  7:06  Probe  
  66  7:07  Probe  
  70  7:12  Pylon  
  70  7:13  Dark Templar  
  72  7:16  Probe x2  
  74  7:24  Probe  
  74  7:25  Probe  
  74  7:27  Sentry  
  78  7:32  Probe, Observer  
  78  7:35  Stalker  
  78  7:36  Probe, Archon  
  82  7:37  Pylon  
  83  7:44  Probe  
  83  7:48  Dark Templar  
  86  7:55  Probe  
  86  7:56  Pylon, Probe  
  86  7:57  Dark Templar  
  90  8:00  Stalker  
  78  8:07  Probe  
  78  8:08  Probe  
  66  8:15  Archon  
  66  8:19  Probe  
  67  8:20  Probe  
  67  8:22  Zealot  
  67  8:24  Stalker  
  72  8:31  Probe  
  72  8:32  Dark Templar  
  73  8:38  Zealot  
  73  8:39  Stalker  
  77  8:53  Forge  
  77  8:55  Nexus  
  77  8:57  Stalker  
  77  8:58  Sentry  
  77  9:00  Immortal  
  80  9:07  Zealot  
  86  9:11  Pylon  
  86  9:19  Adept  
  86  9:20  Zealot  
  90  9:29  Dark Templar  
  90  9:32  Pylon  
  90  9:35  Immortal  
  68  9:41  Zealot  
  68  9:42  Sentry  
  76  9:46  Protoss Ground Weapons Level 1  
  76  9:50  Forge  
  76  9:52  Pylon  
  76  9:54  Dark Templar  
  76  9:56  Gateway  
  78  10:03  Adept  
  78  10:04  Adept  
  78  10:06  Probe  
  78  10:07  Probe  
  84  10:08  Probe  
  85  10:14  Archon  
  85  10:17  Assimilator  
  85  10:18  Probe  
  85  10:20  Dark Templar, Assimilator  
  88  10:21  Probe  
  88  10:25  Dark Templar  
  88  10:27  Probe x2  
  77  10:29  Sentry  
  77  10:33  Probe  
  77  10:35  Probe, Pylon  
  70  10:36  Probe  
  52  10:45  Probe  
  52  10:48  Zealot  
  52  10:49  Probe  
  37  10:51  Stalker  
  37  10:52  Zealot  
  33  11:00  Stalker  
  29  11:09  Probe  
  29  11:10  Adept  
  28  11:13  Zealot  
  22  11:54  Zealot  
  17  12:12  Probe  
  12  12:27  Nexus  
  7  12:34  Dark Templar  
Tags
 
Add a new tag
Caveats
  • Supply blocks, unpowered buildings, or Contaminate may cause inaccurate times.
  • Supply counts are checked every 10 seconds.